 Dungeon Crawl Stone Soup version 0.15.2 (webtiles) character file.

84 magipi the Firebug (level 4, -5/33 HPs)
             Began as a Hill Orc Fire Elementalist on June 12, 2016.
             Killed from afar by an orc wizard (7 damage)
             ... with a magic dart
             ... on Level 3 of the Dungeon.
             The game lasted 00:17:28 (3388 turns).

magipi the Firebug (Hill Orc Fire Elementalist)     Turns: 3388, Time: 00:17:28

HP  -5/33        AC  3     Str 10      XL: 4   Next: 46%
MP   2/7         EV 12     Int 16      God:
Gold 78          SH  0     Dex 11      Spells:  2 memorised,  3 levels left

rFire  . . .     SeeInvis .     l - +0 dagger
rCold  . . .     Clarity  .     a - +0 robe
rNeg   . . .     rCorr    .     (no shield)
rPois  .         rRot     .     (no helmet)
rElec  .         Spirit   .     (no cloak)
SustAb .         Warding  .     p - +0 pair of gloves
rMut   .         Stasis   .     (no boots)
Gourm  .                        (no amulet)
MR     .....                    (no ring)
                                (no ring)

@: not resistant to hostile enchantments, unstealthy
A: no striking features
a: no special abilities


You were on level 3 of the Dungeon.
You were not hungry.

You visited 1 branch of the dungeon, and saw 3 of its levels.

You collected 78 gold pieces.

Inventory:

Hand weapons
 d - a +0 club
 l - a +0 dagger (weapon)
 q - a +0 hand axe
Missiles
 m - 13 poisoned needles
Armour
 a - a +0 robe (worn)
 p - a +0 pair of gloves (worn)
Comestibles
 c - 2 meat rations
 n - a chunk of bat flesh
 r - 2 bread rations
 s - a fruit
Scrolls
 e - a scroll of remove curse {unknown}
 f - a scroll of teleportation {unknown}
 g - 3 scrolls of magic mapping {unknown}
 j - a scroll of recharging {unknown}
 k - 2 scrolls of identify {unknown}
 o - a scroll of noise {unknown}
 t - a scroll of amnesia {unknown}
 v - a scroll of blinking {unknown}
 w - a scroll of fog {unknown}
Potions
 h - a potion of restore abilities {unknown}
 i - 2 potions of agility {unknown}
 u - 2 potions of heal wounds {unknown}
Books
 b - a book of Flames

   Spells                             Type                      Level
   *Flame Tongue                      Conjuration/Fire             1
   Throw Flame                        Conjuration/Fire             2
   *Conjure Flame                     Conjuration/Fire             3
   Inner Flame                        Hexes/Fire                   3
   Sticky Flame                       Conjuration/Fire             4
   Fireball                           Conjuration/Fire             5


   Skills:
 - Level 1.5 Dodging
 - Level 1.5 Stealth
 - Level 2.0 Spellcasting
 * Level 3.1 Conjurations
 + Level 4.0 Fire Magic


You had 3 spell levels left.
You knew the following spells:

 Your Spells              Type           Power        Failure   Level  Hunger
a - Flame Tongue          Conj/Fire      ##...        6%          1    #......
b - Conjure Flame         Conj/Fire      ##......     14%         3    ####...


Dungeon Overview and Level Annotations

Branches:
Dungeon (3/15)

Altars:

Annotations:
D:3 Grinder

Vault maps used:
D:1:      co_arrival_square_in_a_square_in_a_square
D:2:      kennysheep_cluttered_room
D:3:      uniq_grinder


Message History

The orc wizard shouts!
The orc wizard casts a spell at you. The puff of frost hits you!
An orc comes into view. It is wielding a morningstar.
Found a stone staircase leading down.
An orc comes into view. It is wielding a dagger.
Casting: Flame Tongue
Confirm with . or Enter, or press ? or * to list all spells.
Aiming: Flame Tongue
Press: ? - help, Shift-Dir - straight line, f - orc wizard
Aim: an orc wizard, wielding a dagger and wearing a robe The flame tongue hits the orc wizard.
The orc wizard is lightly wounded.
Unknown command.
Casting: Flame Tongue
Confirm with . or Enter, or press ? or * to list all spells.
Aiming: Flame Tongue
Press: ? - help, Shift-Dir - straight line, f/p - orc wizard
Aim: an orc wizard, wielding a dagger and wearing a robe (lightly wounded)
The flame tongue hits the orc wizard.
The orc wizard is heavily wounded.
Unknown command.
The orc wizard mumbles some strange words.
The orc wizard seems to speed up.
Casting: Flame Tongue
Confirm with . or Enter, or press ? or * to list all spells.
Aiming: Flame Tongue
Press: ? - help, Shift-Dir - straight line, f/p - orc wizard
Aim: an orc wizard, wielding a dagger and wearing a robe (heavily wounded, fast)
The flame tongue misses the orc wizard.
The orc wizard hits you with a dagger.
Unknown command.
Casting: Flame Tongue
Confirm with . or Enter, or press ? or * to list all spells.
Aiming: Flame Tongue
Press: ? - help, Shift-Dir - straight line, p - orc wizard The flame tongue hits the orc wizard.
The orc wizard is severely wounded.
The orc wizard hits you but does no damage.
Unknown command.
Unknown command.
The orc wizard barely misses you. The orc wizard hits you with a dagger.
Casting: Flame Tongue
Confirm with . or Enter, or press ? or * to list all spells.
Aiming: Flame Tongue
Press: ? - help, Shift-Dir - straight line, f - orc wizard
Aim: an orc wizard, wielding a dagger and wearing a robe (severely wounded, fast)
The flame tongue hits the orc wizard.
The orc wizard is severely wounded.
The orc wizard hits you with a dagger. The orc wizard closely misses you.
Unknown command.
Casting: Flame Tongue
Confirm with . or Enter, or press ? or * to list all spells.
Aiming: Flame Tongue
Press: ? - help, Shift-Dir - straight line, f/p - orc wizard
Aim: an orc wizard, wielding a dagger and wearing a robe (severely wounded, fast)
The flame tongue misses the orc wizard.
The orc wizard casts a spell.
You feel troubled.
Unknown command.
The orc wizard hits you but does no damage.
The orc wizard barely misses you. The orc wizard barely misses you.
The orc wizard gestures at you while chanting.
The puff of flame hits you!
Casting: Flame Tongue
Confirm with . or Enter, or press ? or * to list all spells.
Aiming: Flame Tongue
Press: ? - help, Shift-Dir - straight line, f/p - orc wizard
Aim: an orc wizard, wielding a dagger and wearing a robe (severely wounded, fast)
The flame tongue hits the orc wizard.
The orc wizard appears unharmed.
The orc wizard is severely wounded.
The orc wizard closely misses you. The orc wizard closely misses you.
Found a whip.
The orc wizard gestures wildly while chanting.
You feel troubled.
The orc wizard hits you but does no damage.
The orc wizard closely misses you.
The orc wizard points at you and mumbles some strange words.
The magic dart hits you!
* * * LOW HITPOINT WARNING * * *
Found a square beryl amulet.
The orc wizard casts a spell at you. The puff of flame hits you!
* * * LOW HITPOINT WARNING * * *
Casting: Flame Tongue
Confirm with . or Enter, or press ? or * to list all spells.
Aiming: Flame Tongue
Press: ? - help, Shift-Dir - straight line, f/p - orc wizard
Aim: an orc wizard, wielding a dagger and wearing a robe (severely wounded, fast)
The flame tongue hits the orc wizard.
The orc wizard appears unharmed.
The orc wizard is severely wounded.
The orc wizard hits you but does no damage.
The orc barely misses you.
Unknown command.
Unknown command.
The orc wizard casts a spell at you. The magic dart hits you!
You die...

#...............###.......
#.>........[....###.......
#####.........................
..#...........................
#.#.#....................##...
#.#.#...#.#..............##...
####.#.#...#'####...........##...
.n.n...##.......#.o..........##..
.###.####...>...@oo..............
<# #.............................
## #########.......#)......%....#
..........#.............
##........#######.......
#...###... #....... ...# #....
#......) .. #.".. #....... ....
###'##..


You could see an orc wizard and 2 orcs.

Table legend:
 A = Kills in this place as a percentage of kills in entire the game.
 B = Kills by you in this place as a percentage of kills by you in the entire game.
 C = Kills by friends in this place as a percentage of kills by friends in the entire game.
 D = Other kills in this place as a percentage of other kills in the entire game.
 E = Experience gained in this place as a percentage of experience gained in the entire game.
 F = Experience gained in this place divided by the number of levels of this place that you have seen.
                   A       B       C       D       E      F
               +-------+-------+-------+-------+-------+----------------------
         Total | 100.0 | 100.0 |  -nan |  -nan | 100.0 |  40.3
       Dungeon | 100.0 | 100.0 |  -nan |  -nan | 100.0 |  40.3
               +-------+-------+-------+-------+-------+----------------------

Vanquished Creatures
  An adder (D:3)
  2 worms (D:3)
  3 giant geckos
  3 oozes
  9 bats
  4 goblins
  9 hobgoblins
  A quokka (D:2)
  3 giant cockroaches (D:1)
  3 giant newts
  6 kobolds
  10 rats
54 creatures vanquished.

Notes
Turn   | Place    | Note
--------------------------------------------------------------
     0 | D:1      | magipi, the Hill Orc Fire Elementalist, began the quest for the Orb.
     0 | D:1      | Reached XP level 1. HP: 14/14 MP: 2/2
   361 | D:1      | Reached XP level 2. HP: 20/20 MP: 0/3
  1015 | D:1      | Reached XP level 3. HP: 23/26 MP: 0/5
  1618 | D:2      | Learned a level 3 spell: Conjure Flame
  2158 | D:3      | Noticed Grinder
  2168 | D:3      | Paralysed by Grinder for 7 turns
  2576 | D:3      | Reached XP level 4. HP: 33/33 MP: 4/7
  2721 | D:3      | Reached skill level 4 in Fire Magic
  2740 | D:3      | Noticed a necrophage
  3385 | D:3      | HP: 1/33 [orc wizard/puff of flame (7)]
  3388 | D:3      | Killed from afar by an orc wizard

Action                   |  1- 3 |  4- 6 || total
-------------------------+-------+-------++-------
Melee: Club              |    21 |       ||    21
       Dagger            |    51 |    33 ||    84
 Cast: Flame Tongue      |    66 |    32 ||    98
       Conjure Flame     |       |     2 ||     2
  Eat: Chunk             |     6 |     1 ||     7
       Pizza             |       |     1 ||     1
       Beef jerky        |       |     1 ||     1

Action                   |  1- 3 |  4- 6 || total
-------------------------+-------+-------++-------
Melee: Club              |    21 |       ||    21
       Dagger            |    51 |    33 ||    84
 Cast: Flame Tongue      |    66 |    32 ||    98
       Conjure Flame     |       |     2 ||     2
  Eat: Chunk             |     6 |     1 ||     7
       Pizza             |       |     1 ||     1
       Beef jerky        |       |     1 ||     1

Action                   |  1- 3 |  4- 6 || total
-------------------------+-------+-------++-------
Melee: Club              |    21 |       ||    21
       Dagger            |    51 |    33 ||    84
 Cast: Flame Tongue      |    66 |    32 ||    98
       Conjure Flame     |       |     2 ||     2
  Eat: Chunk             |     6 |     1 ||     7
       Pizza             |       |     1 ||     1
       Beef jerky        |       |     1 ||     1
